MLB
LOS ANGELES ANGELS @ PITTSBURGH PIRATES
08/30/2023
 
TOP OF THE 1ST
Los Angeles Angels batting - Pitching for Pittsburgh Pirates : RHP Josh Moore
Pitching: RHP Josh Moore
Batting: SHB Ozhaino Albies 0-0: Foul Ball, location: 23FF
0-1: Ball
1-1: Ball
2-1: Ball
3-1: Base on Balls
Batting: LHB Toshikuni Kondo 0-0: Ball
1-0: SINGLE (Line Drive, 9S, EV 96.3 MPH)
Ozhaino Albies to second
Batting: RHB Mike Trout 0-0: Called Strike
0-1: Swinging Strike
0-2: DOUBLE (Line Drive, 9LD, EV 107.5 MPH)
Ozhaino Albies scores
Toshikuni Kondo to third
Batting: LHB Jonas Lantigua 0-0: Ball
1-0: Ball
2-0: Ball
3-0: Called Strike
3-1: Ground out 4-3 (Groundball, 34, EV 82.5 MPH)
Toshikuni Kondo scores
Mike Trout to third
Batting: RHB Addison Russell 0-0: Swinging Strike
0-1: Foul Ball, location: 5SF
0-2: Ball
1-2: Foul Ball, location: 9LSF
1-2: Foul Ball, location: 9LSF
1-2: Ball
2-2: Ball
3-2: Foul Ball, location: 2F
3-2: SINGLE (Groundball, 34, EV 106.9 MPH) (infield hit)
Mike Trout scores
Batting: SHB Augusto Ramírez 0-0: Ball
Addison Russell is caught stealing 2nd base 2-6
1-0: Ball
2-0: Called Strike
2-1: Ball
3-1: Called Strike
3-2: Base on Balls
Batting: RHB J.T. Realmuto 0-0: Ball
1-0: Called Strike
1-1: Ground out 4-3 (Groundball, 34, EV 97.5 MPH)
Top of the 1st over - 3 runs, 3 hits, 0 errors, 1 left on base; Los Angeles 3 - Pittsburgh 0
BOTTOM OF THE 1ST
Pittsburgh Pirates batting - Pitching for Los Angeles Angels : RHP Mauro Salazar
Pitching: RHP Mauro Salazar
Batting: LHB Norm Harris 0-0: Foul Ball, location: 2RF
0-1: Ball
1-1: Foul Ball, location: 7LSF
1-2: Ball
2-2: Foul Ball, location: 7LDF
2-2: Ground out 5-3 (Groundball, 56, EV 105.0 MPH)
Batting: RHB Don Jones 0-0: Ball
1-0: Ball
2-0: Called Strike
2-1: Fly out, F8 (Flyball, 8RS, EV 80.6 MPH)
Batting: LHB Ed Dennis 0-0: Hit by Pitch
Pinch Runner at 1st Chris Moody:
Batting: LHB Joe Allen 0-0: Fly out, F9 (Flyball, 9D, EV 93.8 MPH)
Bottom of the 1st over - 0 runs, 0 hits, 0 errors, 1 left on base; Los Angeles 3 - Pittsburgh 0
TOP OF THE 2ND
Los Angeles Angels batting - Pitching for Pittsburgh Pirates : RHP Josh Moore
Batting: LHB Isranel Wilson 0-0: Ball
1-0: Swinging Strike
1-1: Called Strike
1-2: Strikes out swinging
Batting: SHB Jose Patino 0-0: Called Strike
0-1: Ball
1-1: Ball
2-1: Ball
3-1: Ground out 6-3 (Groundball, 6M, EV 90.6 MPH)
Batting: SHB Ozhaino Albies 0-0: Ground out 4-3 (Groundball, 4, EV 96.9 MPH)
Top of the 2nd over - 0 runs, 0 hits, 0 errors, 0 left on base; Los Angeles 3 - Pittsburgh 0
BOTTOM OF THE 2ND
Pittsburgh Pirates batting - Pitching for Los Angeles Angels : RHP Mauro Salazar
Batting: RHB Andrew McCutchen 0-0: Foul Ball, location: 2F
0-1: Ball
1-1: Ball
2-1: Swinging Strike
2-2: Foul Ball, location: 23F
2-2: Foul Ball, location: 9LSF
2-2: SINGLE (Line Drive, 3D, EV 69.4 MPH)
Batting: LHB Tanner Norton 0-0: Ball
1-0: Swinging Strike
1-1: Ball
2-1: Swinging Strike
2-2: Strikes out swinging
Batting: LHB Jake Lamb 0-0: Called Strike
0-1: Ground out 4-3 (Groundball, 34, EV 90.6 MPH)
Andrew McCutchen to second
Batting: RHB José García 0-0: Ball
1-0: Foul Ball, location: 9LDF
1-1: Ground out 5-3 (Groundball, 25, EV 79.4 MPH)
Bottom of the 2nd over - 0 runs, 1 hit, 0 errors, 1 left on base; Los Angeles 3 - Pittsburgh 0
TOP OF THE 3RD
Los Angeles Angels batting - Pitching for Pittsburgh Pirates : RHP Josh Moore
Batting: LHB Toshikuni Kondo 0-0: Swinging Strike
0-1: Called Strike
0-2: Ball
1-2: Foul Ball, location: 25FF
1-2: Ball
2-2: SINGLE (Line Drive, 9LS, EV 93.8 MPH)
Batting: RHB Mike Trout 0-0: Ball
Toshikuni Kondo steals 2nd base
1-0: Foul Ball, location: 2F
1-1: Called Strike
1-2: Foul Ball, location: 2RF
1-2: Ground out U3 (Groundball, 34, EV 108.8 MPH)
Toshikuni Kondo to third
Batting: LHB Jonas Lantigua 0-0: Ball
1-0: Called Strike
1-1: Ground out 4-3 (Groundball, 4, EV 80.6 MPH)
Toshikuni Kondo scores
Batting: RHB Addison Russell 0-0: Foul Ball, location: 9LDF
0-1: Swinging Strike
0-2: Ball
1-2: Fly out, F7 (Flyball, 78S, EV 90.0 MPH)
Top of the 3rd over - 1 run, 1 hit, 0 errors, 0 left on base; Los Angeles 4 - Pittsburgh 0
BOTTOM OF THE 3RD
Pittsburgh Pirates batting - Pitching for Los Angeles Angels : RHP Mauro Salazar
Batting: RHB Oscar Cameron 0-0: Called Strike
0-1: Foul Ball, location: 2F
0-2: Foul Ball, location: 3F
0-2: Ball
1-2: Fly out, F8 (Flyball, 89D, EV 102.5 MPH)
Batting: LHB Norm Harris 0-0: Called Strike
0-1: Ball
1-1: Foul Ball, location: 7LDF
1-2: DOUBLE (Line Drive, 7LM, EV 103.1 MPH)
Batting: RHB Don Jones 0-0: Ball
1-0: Ball
2-0: Foul Ball, location: 25F
2-1: Foul Ball, location: 2F
2-2: Ball
3-2: Fly out, F8 (Flyball, 8LD, EV 78.8 MPH)
Batting: RHB Chris Moody 0-0: Called Strike
0-1: Ball
1-1: Called Strike
1-2: Ball
2-2: SINGLE (Line Drive, 8LS, EV 106.3 MPH)
Norm Harris to third
Runner from 3rd tries for Home, SAFE, throw by CF to home
Batting: LHB Joe Allen 0-0: Foul Ball, location: 2F
0-1: Foul Ball, location: 3SF
0-2: Ball
1-2: Ground out 1-3 (Groundball, P, EV 75.0 MPH)
Bottom of the 3rd over - 1 run, 2 hits, 0 errors, 1 left on base; Los Angeles 4 - Pittsburgh 1
TOP OF THE 4TH
Los Angeles Angels batting - Pitching for Pittsburgh Pirates : RHP Josh Moore
Batting: SHB Augusto Ramírez 0-0: Ball
1-0: SINGLE (Groundball, 4M, EV 108.1 MPH) (infield hit)
Batting: RHB J.T. Realmuto 0-0: Ball
1-0: Ground out 4-3 (Groundball, 4S, EV 75.6 MPH)
Augusto Ramírez to second
Batting: LHB Isranel Wilson 0-0: Ground out U3 (Groundball, 3S, EV 75.6 MPH)
Augusto Ramírez to third
Batting: SHB Jose Patino 0-0: Called Strike
0-1: Ball
1-1: Foul Ball, location: 2F
1-2: Foul Ball, location: 7LSF
1-2: Ball
2-2: Strikes out looking
Top of the 4th over - 0 runs, 1 hit, 0 errors, 1 left on base; Los Angeles 4 - Pittsburgh 1
BOTTOM OF THE 4TH
Pittsburgh Pirates batting - Pitching for Los Angeles Angels : RHP Mauro Salazar
Batting: RHB Andrew McCutchen 0-0: Ball
1-0: Swinging Strike
1-1: Ground out 4-3 (Groundball, 34, EV 102.5 MPH)
Batting: LHB Tanner Norton 0-0: Ground out 3-1 (Groundball, 34S, EV 83.1 MPH)
Batting: LHB Jake Lamb 0-0: Fly out, F8 (Flyball, 8RD, EV 95.6 MPH)
Bottom of the 4th over - 0 runs, 0 hits, 0 errors, 0 left on base; Los Angeles 4 - Pittsburgh 1
TOP OF THE 5TH
Los Angeles Angels batting - Pitching for Pittsburgh Pirates : RHP Josh Moore
Batting: SHB Ozhaino Albies 0-0: Ball
1-0: Foul Ball, location: 2RF
1-1: Ball
2-1: Fly out, F5 (Popup, 5SF, EV 67.5 MPH)
Batting: LHB Toshikuni Kondo 0-0: Called Strike
0-1: Ground out U3 (Groundball, 3, EV 85.6 MPH)
Batting: RHB Mike Trout 0-0: Called Strike
0-1: Ball
1-1: Ball
2-1: SINGLE (Line Drive, 8RS, EV 108.1 MPH)
Batting: LHB Jonas Lantigua 0-0: Foul Ball, location: 7LMF
0-1: Foul Ball, location: 3F
0-2: Fly out, F8 (Flyball, 8RS, EV 92.5 MPH)
Top of the 5th over - 0 runs, 1 hit, 0 errors, 1 left on base; Los Angeles 4 - Pittsburgh 1
BOTTOM OF THE 5TH
Pittsburgh Pirates batting - Pitching for Los Angeles Angels : RHP Mauro Salazar
Batting: RHB José García 0-0: Ball
1-0: Called Strike
1-1: Ball
2-1: Swinging Strike
2-2: Foul Ball, location: 2F
2-2: Foul Ball, location: 23F
2-2: Strikes out swinging
Batting: RHB Oscar Cameron 0-0: Called Strike
0-1: Ball
1-1: Ball
2-1: Fly out, F3 (Popup, 23F, EV 82.5 MPH)
Batting: LHB Norm Harris 0-0: Fly out, F8 (Flyball, 8RD, EV 85.6 MPH)
Bottom of the 5th over - 0 runs, 0 hits, 0 errors, 0 left on base; Los Angeles 4 - Pittsburgh 1
TOP OF THE 6TH
Los Angeles Angels batting - Pitching for Pittsburgh Pirates : RHP Josh Moore
Batting: RHB Addison Russell 0-0: Called Strike
0-1: Foul Ball, location: 2F
0-2: Ground out 6-3 (Groundball, 6, EV 91.9 MPH)
Batting: SHB Augusto Ramírez 0-0: Ground out 4-3 (Groundball, 34, EV 88.8 MPH)
Batting: RHB J.T. Realmuto 0-0: Swinging Strike
0-1: Swinging Strike
0-2: Strikes out swinging
Top of the 6th over - 0 runs, 0 hits, 0 errors, 0 left on base; Los Angeles 4 - Pittsburgh 1
BOTTOM OF THE 6TH
Pittsburgh Pirates batting - Pitching for Los Angeles Angels : RHP Mauro Salazar
Batting: RHB Don Jones 0-0: Ball
1-0: DOUBLE (Line Drive, 78D, EV 103.1 MPH)
Batting: RHB Chris Moody 0-0: Foul Ball, location: 2F
0-1: Ball
1-1: Fly out, F9 (Line Drive, 9, EV 96.9 MPH)
Batting: LHB Joe Allen 0-0: Foul Ball, location: 2F
0-1: Fly out, F8 (Flyball, 8RD, EV 98.1 MPH)
Batting: RHB Andrew McCutchen 0-0: Foul Ball, location: 2F
0-1: Ball
1-1: Ball
2-1: 2-RUN HOME RUN (Line Drive, 7LD, EV 95.0 MPH), Distance : 354 ft
Batting: LHB Tanner Norton 0-0: Ball
1-0: Called Strike
1-1: Foul Ball, location: 7LDF
1-2: Strikes out looking
Bottom of the 6th over - 2 runs, 2 hits, 0 errors, 0 left on base; Los Angeles 4 - Pittsburgh 3
TOP OF THE 7TH
Los Angeles Angels batting - Pitching for Pittsburgh Pirates : RHP Josh Moore
Pitching: LHP Raymond Rodriguez
Batting: LHB Isranel Wilson 0-0: Ball
1-0: Foul Ball, location: 2F
1-1: Called Strike
1-2: Foul Ball, location: 23FF
1-2: Foul Ball, location: 9LSFF
1-2: Strikes out swinging
Batting: SHB Jose Patino 0-0: Called Strike
0-1: Ball
1-1: Foul Ball, location: 25F
1-2: Fly out, F7 (Line Drive, 7D, EV 98.1 MPH)
Batting: SHB Ozhaino Albies 0-0: Called Strike
0-1: Ball
1-1: Ground out 4-3 (Groundball, 4, EV 101.9 MPH)
Top of the 7th over - 0 runs, 0 hits, 0 errors, 0 left on base; Los Angeles 4 - Pittsburgh 3
BOTTOM OF THE 7TH
Pittsburgh Pirates batting - Pitching for Los Angeles Angels : RHP Mauro Salazar
Pitching: LHP Kevin Phillips
Batting: LHB Jake Lamb 0-0: Ball
1-0: Ground out 6-3 (Groundball, 56D, EV 100.6 MPH)
Batting: RHB José García 0-0: Ground out 5-3 (Groundball, 15, EV 82.5 MPH)
Batting: RHB Oscar Cameron 0-0: Ball
1-0: Foul Ball, location: 9LDF
1-1: Ball
2-1: Fly out, F8 (Flyball, 89S, EV 91.9 MPH)
Bottom of the 7th over - 0 runs, 0 hits, 0 errors, 0 left on base; Los Angeles 4 - Pittsburgh 3
TOP OF THE 8TH
Los Angeles Angels batting - Pitching for Pittsburgh Pirates : LHP Raymond Rodriguez
Pitching: RHP Clarence Wall
Batting: LHB Toshikuni Kondo 0-0: Ball
1-0: Called Strike
1-1: Ball
2-1: Swinging Strike
2-2: Ball
3-2: Foul Ball, location: 5SF
3-2: Foul Ball, location: 5F
3-2: Foul Ball, location: 7LMF
3-2: Foul Ball, location: 5FF
3-2: Ground out 4-3 (Groundball, 4M, EV 103.1 MPH)
Batting: RHB Mike Trout 0-0: Ball
1-0: Called Strike
1-1: Ball
2-1: Ball
3-1: Base on Balls
Batting: LHB Jonas Lantigua 0-0: Foul Ball, location: 3F, Error on foul ball, E3
0-1: Foul Ball, location: 3F
0-2: Strikes out swinging
Batting: RHB Addison Russell 0-0: Called Strike
0-1: Fielders Choice at 2nd, 6-4 (Groundball, 6, EV 80.0 MPH)
Top of the 8th over - 0 runs, 0 hits, 1 error, 1 left on base; Los Angeles 4 - Pittsburgh 3
BOTTOM OF THE 8TH
Pittsburgh Pirates batting - Pitching for Los Angeles Angels : LHP Kevin Phillips
Pitching: RHP Mrinal Shivaprakash
Batting: LHB Norm Harris 0-0: Ball
1-0: Called Strike
1-1: Ball
2-1: Foul Ball, location: 7LDF
2-2: Foul Ball, location: 2F
2-2: Foul Ball, location: 5SF
2-2: Foul Ball, location: 2F
2-2: Strikes out swinging
Batting: RHB Don Jones 0-0: Called Strike
0-1: Ball
1-1: Foul Ball, location: 2F
1-2: Ball
2-2: Fly out, F8 (Flyball, 8RD, EV 92.5 MPH)
Batting: RHB Chris Moody 0-0: Ball
1-0: Fly out, F7 (Flyball, 7, EV 95.0 MPH)
Bottom of the 8th over - 0 runs, 0 hits, 0 errors, 0 left on base; Los Angeles 4 - Pittsburgh 3
TOP OF THE 9TH
Los Angeles Angels batting - Pitching for Pittsburgh Pirates : RHP Clarence Wall
Pitching: RHP Aaron Sanchez
Batting: SHB Augusto Ramírez 0-0: Called Strike
0-1: Ground out 6-3 (Groundball, 4M, EV 101.9 MPH)
Batting: RHB J.T. Realmuto 0-0: Called Strike
0-1: Ball
1-1: Swinging Strike
1-2: Ball
2-2: Foul Ball, location: 2F
2-2: Foul Ball, location: 2F
2-2: Ball
3-2: Strikes out swinging
Batting: LHB Isranel Wilson 0-0: Ball
1-0: Ball
2-0: Hit by Pitch
Batting: SHB Jose Patino 0-0: Called Strike
0-1: Ball
1-1: Foul Ball, location: 2F
1-2: Ball
2-2: Strikes out swinging
Top of the 9th over - 0 runs, 0 hits, 0 errors, 1 left on base; Los Angeles 4 - Pittsburgh 3
BOTTOM OF THE 9TH
Pittsburgh Pirates batting - Pitching for Los Angeles Angels : RHP Mrinal Shivaprakash
Pitching: LHP Héctor Rosado
Batting: LHB Joe Allen 0-0: Foul Ball, location: 2F
0-1: Foul Ball, location: 2F
0-2: Ball
1-2: Fly out, F8 (Flyball, 8LM, EV 95.6 MPH)
Batting: RHB Andrew McCutchen 0-0: Called Strike
0-1: Swinging Strike
0-2: Ball
1-2: Ball
2-2: Ball
3-2: Ground out 6-3 (Groundball, 6, EV 83.1 MPH)
Pinch Hitting: RHB Jonathan Schoop 0-0: Called Strike
0-1: Foul Ball, location: 25FF
0-2: Ball
1-2: Foul Ball, location: 2F
1-2: Strikes out swinging
Bottom of the 9th over - 0 runs, 0 hits, 0 errors, 0 left on base; Los Angeles 4 - Pittsburgh 3
Monday, September 4th , 2023 - OOTP Baseball 24.8 Build 76